 Dungeon Crawl Stone Soup version 0.18-a0-1273-g8ec5f8e (webtiles) character file.

118 Duffy the Conjurer (level 5, -6/26 HPs)
             Began as a Vine Stalker Fire Elementalist on Feb 7, 2016.
             Was a Follower of Cheibriados.
             Incinerated by miscasting Sticky Flame (7 damage)
             ... on level 3 of the Dungeon.
             The game lasted 00:03:33 (2206 turns).

Duffy the Conjurer (Vine Stalker Fire Elementalist) Turns: 2206, Time: 00:03:33

Health: -6/26      AC:  5    Str: 18    XL:     5   Next: 2%
Magic:  0/10       EV: 11    Int: 19    God:    Cheibriados [*.....]
Gold:   136        SH:  0    Dex: 17    Spells: 3 memorised, 2 levels left

rFire  . . .     SeeInvis .     f - +0 dagger
rCold  . . .     Gourm    .     u - +0 ring mail
rNeg   . . .     Faith    .     (no shield)
rPois  .         Spirit   +     (no helmet)
rElec  .         Dismiss  .     (no cloak)
rCorr  .         Reflect  .     (no gloves)
SustAt .         Harm     .     (no boots)
MR     .....                    (no amulet)
Stlth  +.........               p - +4 ring of strength
                                l - +3 ring of slaying

@: liquid flames, very slightly contaminated, glowing, very slow, not resistant
to hostile enchantments, very unstealthy
A: fangs 2, regeneration 1, magic shield, antimagic bite, no device heal 3, rot
immunity
a: Bend Time, Renounce Religion


You were on level 3 of the Dungeon.
You worshipped Cheibriados.
Cheibriados was aware of your devotion.
You were not hungry.

You visited 1 branch of the dungeon, and saw 3 of its levels.

You collected 136 gold pieces.


Innate Abilities, Weirdness & Mutations

You have extremely sharp teeth.
Your natural rate of healing is unusually fast.
When hurt, damage is shared between your health and your magic reserves.
Your bite disrupts and absorbs the magic of your enemies.
Potions and wands cannot restore your health.
You are immune to rotting.


   Skills:
 + Level 1.7 Fighting
 - Level 1.5 Dodging
 - Level 2.4 Stealth
 + Level 3.1 Spellcasting
 - Level 3.2 Conjurations
 - Level 3.0 Fire Magic


You had 2 spell levels left.
You knew the following spells:

 Your Spells              Type           Power        Failure   Level  Hunger
a - Flame Tongue          Conj/Fire      ##...        10%         1    None
j - Sticky Flame          Conj/Fire      ##......     83%         4    ####...
l - Conjure Flame         Conj/Fire      ##......     28%         3    ###....

Inventory:

Hand Weapons
 f - a +0 dagger (weapon)
Armour
 a - a +0 robe
 u - a +0 ring mail (worn)
 v - a +1 chain mail of fire resistance
Jewellery
 l - a +3 ring of slaying (left hand)
 p - a +4 ring of strength (right hand)
 s - a cursed ring of loudness {unknown}
Scrolls
 e - 5 scrolls of identify {unknown}
 g - 2 scrolls of remove curse {unknown}
 i - a scroll of magic mapping {unknown}
 k - 2 scrolls of amnesia {unknown}
 n - a scroll of teleportation {unknown}
Potions
 d - a potion of flight {unknown}
 j - a potion of curing {unknown}
 m - a potion of cure mutation {unknown}
 o - a potion of haste {unknown}
 q - a potion of degeneration {unknown}
 t - 2 potions of heal wounds {unknown}
Books
 b - a book of Flames
Comestibles
 c - 3 bread rations
 h - a meat ration
 r - 4 chunks of flesh

Dungeon Overview and Level Annotations

Branches:
Dungeon (3/15)

Altars:
Cheibriados
Dithmenos
Qazlal
Trog
Yredelemnul

Annotations:
D:3 Purgy


Message History

You are covered in liquid flames!
Purgy bites you. Purgy claws you. x2
You are too injured to fight recklessly!
You are too injured to fight recklessly!
You are too injured to fight recklessly!
You hit Purgy. Your bite misses Purgy.
Purgy is lightly wounded.
Purgy barely misses you. Purgy claws you but does no damage.
Purgy barely misses you.
You hit Purgy but do no damage. You bite Purgy, but do no damage.
Purgy is lightly wounded.
Purgy snarls, "My home!
Leave!"
Purgy barely misses you. x2; Purgy claws you.
You hit Purgy. You bite Purgy! You drain his power.
You feel invigorated.
Purgy is moderately wounded.
Purgy closely misses you. Purgy claws you. Purgy closely misses you.
You closely miss Purgy. You bite Purgy! You drain his power.
You feel invigorated.
Purgy is heavily wounded.
Purgy barely misses you. Purgy closely misses you. x2
Cast which spell? (? or * to list)
Aiming: Sticky Flame
Press: ? - help, Shift-Dir - straight line, f/p - Purgy
Aim: Purgy (heavily wounded)
You miscast Sticky Flame.
You are covered in liquid flames!
You are covered in liquid flames! x2
Purgy bites you but does no damage. Purgy claws you. Purgy closely misses you.
You hit Purgy.
Purgy is heavily wounded.
You are covered in liquid flames!
Purgy bites you. Purgy claws you. Purgy closely misses you.
You hit Purgy. Your bite misses Purgy.
Purgy is heavily wounded.
You are covered in liquid flames!
You die...

#... #....##..##.# ## #...
....##..##.# #...
...##..##.######## #...
#.................
.###..s######.###.#.#.########
>....s..................#####
..........T.......#.#........
r###...######T##..#..........
#......#####@##..#...##.####.
#................#...# ..# #.
#......#####.###.#...# #.# #.
#..... #.....#...# #.###.
#.#### #######...###..##. ..
............ ............
##.####..#. ...........


You could see Purgy.

Action                   |  1- 3 |  4- 6 || total
-------------------------+-------+-------++-------
Melee: Dagger            |    32 |    36 ||    68
 Cast: Flame Tongue      |    33 |    20 ||    53
       Conjure Flame     |       |     1 ||     1
       Sticky Flame      |       |     1 ||     1
 Stab: Distracted        |     1 |       ||     1
       Sleeping          |     1 |       ||     1
  Eat: Chunk             |     2 |     3 ||     5

Notes
Turn   | Place    | Note
--------------------------------------------------------------
     0 | D:1      | Duffy the Vine Stalker Fire Elementalist began the quest for the Orb.
     0 | D:1      | Reached XP level 1. HP: 9/9 MP: 4/4
   233 | D:1      | Reached skill level 2 in Conjurations
   233 | D:1      | Reached XP level 2. HP: 10/13 MP: 6/6
   812 | D:2      | Reached skill level 3 in Conjurations
   812 | D:2      | Reached XP level 3. HP: 16/16 MP: 4/7
   911 | D:2      | Found a shadowy altar of Dithmenos.
   911 | D:2      | Found a stormy altar of Qazlal.
   911 | D:2      | Found a snail-covered altar of Cheibriados.
   919 | D:2      | Became a worshipper of Cheibriados the Contemplative
   976 | D:2      | Found a basalt altar of Yredelemnul.
  1052 | D:2      | Learned a level 3 spell: Conjure Flame
  1423 | D:2      | Reached XP level 4. HP: 13/21 MP: 4/8
  1480 | D:2      | Noticed a moth of wrath
  1482 | D:2      | Found a bloodstained altar of Trog.
  1737 | D:2      | Reached skill level 1 in Fighting
  1760 | D:2      | Reached * piety under Cheibriados
  2034 | D:3      | Noticed Terence
  2065 | D:3      | Learned a level 4 spell: Sticky Flame
  2069 | D:3      | Killed Terence
  2069 | D:3      | Reached skill level 3 in Spellcasting
  2069 | D:3      | Reached XP level 5. HP: 18/26 MP: 7/10
  2187 | D:3      | Noticed Purgy
  2206 | D:3      | Incinerated by miscasting Sticky Flame

Vault maps used:
D:1:      lemuel_arrival_funnel
D:2:      lemuel_coloured_pillars_altar, minitemple, tgw_trog, first_bread
D:3:      lemuel_doored_altar, overflow_temple_1_default, uniq_purgy,
          uniq_terence

Vanquished Creatures
  Terence
  4 adders
  6 worms
  A giant gecko
  A bat
  2 giant cockroaches
  6 goblins
  7 hobgoblins
  A quokka
  2 ball pythons
  3 kobolds
  11 rats
45 creatures vanquished.
